 Dungeon Crawl Stone Soup version 0.25.0-11-g1f837a76a1 (console) character file.

Game seed: 17137242196991726411

63 bli the Insei (level 3, 0/28 HPs)
             Began as a Draconian Transmuter on June 27, 2020.
             Slain by a hobgoblin (2 damage)
             ... on level 2 of the Dungeon.
             The game lasted 00:05:49 (2256 turns).

bli the Insei (Draconian Transmuter)                Turns: 2256, Time: 00:05:50

Health: 0/28       AC:  7    Str: 12    XL:     3   Next: 89%
Magic:  3/6        EV: 12    Int: 13    God:
Gold:   139        SH:  0    Dex: 12    Spells: 0/6 levels left

rFire    . . .     SeeInvis .     - Unarmed
rCold    . . .     Gourm    .   (no shield)
rNeg     . . .     Faith    .   (armour unavailable)
rPois    .         Spirit   .   (helmet restricted)
rElec    .         Reflect  .   (no cloak)
rCorr    .         Harm     .   e - +1 pair of gloves
MR       .....                  (no boots)
Stlth    +.........             (no amulet)
HPRegen  0.09/turn              (no ring)
MPRegen  0.10/turn              (no ring)

@: lethally poisoned (0 -> -2), flying
A: unfitting armour, cold-blooded, AC +5
a: no special abilities


You were on level 2 of the Dungeon.
You were not hungry.

You visited 1 branch of the dungeon, and saw 3 of its levels.

You collected 139 gold pieces.

Inventory:

Missiles
 a - 7 arrows
 d - 7 poisoned darts (quivered)
Armour
 e - a +1 pair of gloves (worn)
 i - a +2 buckler
Scrolls
 b - 2 scrolls of magic mapping {unknown}
 h - a scroll of fear {unknown}
 j - a scroll of noise {unknown}
 k - a scroll of fog {unknown}
 m - a scroll of remove curse {unknown}
 o - a scroll of amnesia {unknown}
Potions
 g - a potion of mutation {unknown}
 l - a potion of brilliance {unknown}
 p - a potion of degeneration {unknown}
Comestibles
 c - 6 rations
 n - 4 chunks of flesh


   Skills:
 + Level 1.1 Fighting
 + Level 2.1 Dodging
 + Level 4.3 Unarmed Combat
 * Level 2.4 Spellcasting
 - Level 2.0 Transmutations


You couldn't memorise any spells.
You knew the following spells:

 Your Spells              Type           Power        Failure   Level  Hunger
a - Beastly Appendage     Tmut           #.....       11%         1    #......
b - Sticks to Snakes      Tmut           #.......     16%         2    ###....
S - Spider Form           Tmut/Pois      #.........   43%         3    ###....

Your spell library contained the following spells:

 Spells                   Type           Power        Failure   Level  Hunger
 Ice Form                 Ice/Tmut       #.......     85%         4    #####..
 Blade Hands              Tmut           #.........   96%         5    ######.


Dungeon Overview and Level Annotations

Branches:
Dungeon (3/15)

Altars:


Innate Abilities, Weirdness & Mutations

Your plain brown scales are hard. (AC +5)
You cannot fit into any form of body armour.
You are cold-blooded and may be slowed by cold attacks.


Message History

The adder bites you but does no damage. The adder bites you.
* * * LOW HITPOINT WARNING * * *
You are poisoned.
The adder poisons you!
You feel sick.
Your adder bites the adder but does no damage.
There is a stone staircase leading up here.
The adder bites you.
* * * LOW HITPOINT WARNING * * *
The hobgoblin barely misses you. The adder bites you.
* * * LOW HITPOINT WARNING * * *
You climb upwards.
* * * LOW HITPOINT WARNING * * *
You feel sick.
There is a stone staircase leading down here.
It was a potion of flight.
You feel very buoyant.
You fly up into the air.
The hobgoblin hits you.
You die...

#.#.# #.<.....# #... #.#.##
######### #.#.
#.#..############### #.#.
#..............)...# #.#.
####.#############.# #.#.
#.# #.# #.#. #.#
#.#########.#. #.#
#.#.......#... #.########
#.#.####.....#
#........######.#.##........
########..S@g......).#.....#
################.#.## #....#
##.### ###


You could see an adder and a hobgoblin.

Vanquished Creatures
  An adder (D:3)
  An ooze (D:2)
  2 worms (D:2)
  A dart slug (D:3)
  A leopard gecko (D:1)
  An orc (D:3)
  6 bats
  4 giant cockroaches
  6 goblins
  2 hobgoblins (D:2)
  3 jackals (D:2)
  3 frilled lizards (D:2)
  4 kobolds
  4 rats
39 creatures vanquished.

Notes
Turn   | Place    | Note
-------+----------+-------------------------------------------
     0 | D:1      | bli the Draconian Transmuter began the quest for the Orb.
     0 | D:1      | Reached XP level 1. HP: 16/16 MP: 3/3
    62 | D:1      | You fall into a shaft and drop 1 floor!
   238 | D:1      | Reached XP level 2. HP: 23/23 MP: 3/5
   280 | D:1      | Learned a level 2 spell: Sticks to Snakes
  1066 | D:2      | Reached skill level 4 in Unarmed Combat
  1228 | D:2      | Reached XP level 3. HP: 28/28 MP: 4/6
  1237 | D:2      | Learned a level 3 spell: Spider Form
  2256 | D:2      | Slain by a hobgoblin

Illustrated notes

Levels and vault maps discovered:
D:1:      saegor_arrival_miasma, layout_basic, bh_walls_and_bars
D:2:      layout_loops_ring
D:3:      layout_loops_ring, chequers_ecumenical_altar_island,
          minmay_misc_feat_five

Skill      XL: |  1  2 |
---------------+-------+-----
Dodging        | 2 |  2.1
Unarmed Combat | 4 |  4.3
Fighting       | |  1.1
Spellcasting   | |  2.4
Transmutations | |  2.0

Action                   || total
-------------------------++-------
Melee: Unarmed           ||   153
       Tailslap          ||    13
       Headbutt          ||     8
       Kick              ||     9
       Punch             ||     1
 Cast: Beastly Appendage ||    22
       Sticks to Snakes  ||     5
  Use: Potion            ||     1
 Stab: Sleeping          ||     1
  Eat: Chunk             ||     5
Armor: Skin              ||    58
Dodge: Dodged            ||   101
